 Dungeon Crawl Stone Soup version 0.23-a0-398-g8eab93f (webtiles) character file.

81547 sleepydude the Bludgeoner (level 15, -5/138 HPs)
             Began as a Minotaur Fighter on Nov 3, 2018.
             Was the Champion of Okawaru.
             Slain by a large abomination (19 damage)
             ... on level 2 of the Abyss.
             The game lasted 01:33:45 (23435 turns).

sleepydude the Bludgeoner (Minotaur Fighter)       Turns: 23435, Time: 01:33:45

Health: -5/138     AC: 29    Str: 22      XL:     15   Next: 27%
Magic:  4/5        EV:  9    Int:  4 (5)  God:    Okawaru [******]
Gold:   1267       SH:  0    Dex: 12      Spells: 14/14 levels left

rFire    + + +     SeeInvis .   U - +7 great mace "Firestarter" {inner flame, rF++}
rCold    + + .     Gourm    .   (shield currently unavailable)
rNeg     + + +     Faith    .   O - +3 plate armour of Compression {rN+++ Regen+ MP-9 Dex-3}
rPois    +         Spirit   .   B - +2 hat {MR+}
rElec    .         Reflect  .   m - +1 cloak
rCorr    .         Harm     .   J - +0 pair of gloves (curse)
MR       +++..     Rnd*Rage +   R - +2 pair of boots {run}
Stlth    ..........             a - amulet of the acrobat
HPRegen  0.73/turn              S - ring of protection from magic
MPRegen  0.09/turn              s - ring "Zupab" {rPois rF+ rC++}

@: about to teleport, quick
A: retaliatory headbutt, horns 2, [berserk 1], [deterioration 2]
a: Heroism, Finesse, Renounce Religion


You were on level 2 of the Abyss.
You worshipped Okawaru.
Okawaru was exalted by your worship.
You were not hungry.

You visited 3 branches of the dungeon, and saw 18 of its levels.
You visited the Abyss 1 time.
You visited 1 bazaar.
You also visited: Volcano.

You collected 2172 gold pieces.
You spent 905 gold pieces at shops.

Inventory:

Hand Weapons
 l - the +6 morningstar of Okawaru's Regard {flame, Str+4}
   (Okawaru gifted it to you on level 6 of the Lair of Beasts)

   It has been specially enchanted to burn those struck by it, causing extra
   injury to most foes and up to half again as much damage against particularly
   susceptible opponents.
   It affects your strength (+4).
 r - the +8 dire flail of Osulocs {venom, rC+ Int+4}
   (You found it on level 3 of the Lair of Beasts)

   It poisons the flesh of those it strikes.
   It affects your intelligence (+4).
   It protects you from cold.
 P - the +3 long sword "Fesoo" {speed, Dex+4 SInv}
   (You found it on level 2 of the Lair of Beasts)

   Attacks with this weapon are significantly faster.
   It affects your dexterity (+4).
   It lets you see invisible.
 U - the +7 great mace "Firestarter" (weapon) {inner flame, rF++}
   (You found it on level 5 of the Lair of Beasts)

   It has been specially enchanted to burn those struck by it, causing extra
   injury to most foes and up to half again as much damage against particularly
   susceptible opponents.
   It greatly protects you from fire.
Armour
 c - a +0 shield
 d - a +3 chain mail of cold resistance
 g - a +1 cloak
 m - a +1 cloak (worn)
 w - a scarf of repulsion
 B - a +2 hat of magic resistance (worn)
 H - a scarf of resistance
 J - a cursed +0 pair of gloves (worn)
 O - the +3 plate armour of Compression (worn) {rN+++ Regen+ MP-9 Dex-3}
   (You found it on level 9 of the Dungeon)

   It affects your dexterity (-3).
   It renders you almost immune to negative energy.
   It affects your magic capacity (-9).
   It increases your rate of regeneration.
 Q - a +1 hat of intelligence
 R - a +2 pair of boots of running (worn)
 W - +0 fire dragon scales
 Y - a +2 chain mail of fire resistance
Jewellery
 a - an amulet of the acrobat (around neck)
 s - the ring "Zupab" (right hand) {rPois rF+ rC++}
   (You bought it in a shop in a bazaar)

   [ring of poison resistance]

   It protects you from fire.
   It greatly protects you from cold.
   It protects you from poison.
 C - an uncursed ring of ice
 I - an uncursed ring of see invisible
 S - a ring of protection from magic (left hand)
Wands
 D - a wand of digging (9)
Scrolls
 b - 5 scrolls of teleportation
 e - 3 scrolls of enchant armour
 h - 7 scrolls of remove curse {@r2}
 i - 8 scrolls of identify {@r1}
 n - 2 scrolls of fog
 y - 2 scrolls of blinking
 z - a scroll of enchant weapon
 A - 2 scrolls of fear
 K - 4 scrolls of random uselessness
 N - 2 scrolls of summoning
Potions
 j - 2 potions of ambrosia {unknown}
 o - 4 potions of heal wounds {unknown}
 p - 5 potions of invisibility {unknown}
 q - a potion of cancellation {unknown}
 t - 3 potions of brilliance {unknown}
 u - 3 potions of magic {unknown}
 v - 4 potions of lignification {unknown}
 x - a potion of flight {unknown}
 G - 3 potions of degeneration {unknown}
 L - 2 potions of haste {unknown}
 X - 4 potions of berserk rage {unknown}
Comestibles
 f - 17 rations


   Skills:
 + Level 14.2 Fighting
 - Level 3.8 Long Blades
   Level 12.2(16.0) Axes
 + Level 16.9(18.2) Maces & Flails
 + Level 15.0 Armour
 + Level 3.3 Dodging
 + Level 12.7 Shields
 - Level 0.1 Invocations


You had 14 spell levels left.
You didn't know any spells.
Your spell library contained the following spells:

 Spells                   Type           Power        Failure   Level  Hunger
 Animate Skeleton         Necr           N/A          99%         1    ##.....
 Apportation              Tloc           #.....       99%         1    ##.....
 Confusing Touch          Hex            #.....       99%         1    ##.....
 Magic Dart               Conj           #...         99%         1    ##.....
 Pain                     Necr           #...         99%         1    ##.....
 Sandblast                Erth           #.....       99%         1    ##.....
 Summon Small Mammal      Summ           #...         99%         1    ##.....
 Blink                    Tloc           N/A          100%        2    ###....
 Call Imp                 Summ           #.......     100%        2    ###....
 Corpse Rot               Necr           N/A          100%        2    ###....
 Passwall                 Tmut/Erth      #.......     100%        2    ###....
 Slow                     Hex            #.......     100%        2    ###....
 Sublimation of Blood     Necr           #.........   100%        2    ###....
 Conjure Flame            Conj/Fire      #.......     100%        3    ####...
 Ignite Poison            Fire/Tmut/Pois #.......     100%        3    ####...
 Mephitic Cloud           Conj/Pois/Air  #.......     100%        3    ####...
 Regeneration             Chrm/Necr      #.........   100%        3    ####...
 Stone Arrow              Conj/Erth      #.....       100%        3    ####...
 Vampiric Draining        Necr           #.........   100%        3    ####...
 Animate Dead             Necr           N/A          100%        4    #####..
 Petrify                  Tmut/Erth      #.......     100%        4    #####..
 Agony                    Necr           #.......     100%        5    ######.
 Bolt of Draining         Conj/Necr      #.........   100%        5    ######.
 Dispel Undead            Necr           #.......     100%        5    ######.
 Excruciating Wounds      Chrm/Necr      #.........   100%        5    ######.
 Fireball                 Conj/Fire      #.........   100%        5    ######.
 Irradiate                Conj/Tmut      #.........   100%        5    ######.
 Lee's Rapid Deconstruct  Erth           #.........   100%        5    ######.
 Bolt of Fire             Conj/Fire      #.........   100%        6    #######
 Hydra Form               Tmut           #.........   100%        6    #######
 Statue Form              Tmut/Erth      #........    100%        6    #######
 Dragon Form              Tmut           #.........   100%        7    #######
 Ring of Flames           Chrm/Fire      #.........   100%        7    #######
 Ignition                 Fire           #.........   100%        8    #######


Dungeon Overview and Level Annotations

Branches:
Dungeon (10/15)            Temple (0/1) D:7            Lair (6/6) D:10
  Swamp (0/4) Lair:2       Spider (0/4) Lair:4        Slime (0/5) Lair:6
    Orc (2/2) D:9             Elf (0/3) Orc:2

Altars:
Cheibriados
Dithmenos
Fedhas
Gozag
Hepliaklqana
Makhleb
Okawaru
Qazlal
Sif Muna
Trog
Wu Jian
Yredelemnul
The Shining One
Beogh

Shops:
Orc:2 [(*=

Annotations:
D:10 Sonja
Lair:4 exclusion: 2 oklob plants


Innate Abilities, Weirdness & Mutations

You reflexively headbutt those who attack you in melee.
You have a pair of horns on your head.
[You tend to lose your temper in combat.]
[Your body often deteriorates upon taking damage.]


Message History

The ghoul is almost destroyed.
The ghoul claws you but does no damage. The ghoul claws you!
* * * LOW HITPOINT WARNING * * *
The large abomination hits you but does no damage.
You pound the ghoul like an anvil!!! You burn the ghoul.
The ghoul explodes!
The fiery explosion engulfs the large abomination.
The large abomination is severely damaged.
The fiery explosion engulfs you! Okawaru accepts your kill.
You feel the corruption within you wane somewhat.
You feel stable. x2; You feel a little less angry.
The substance of the Abyss twists violently, and a gateway leading out appears!
You hear a bark!
Press: ? - help, v - describe, . - travel A gateway leading out of the Abyss.
There is a cloud of flame here.
The large abomination is engulfed in blazing flames.
The large abomination hits you!!
You die...

# #.#.# ..#.
##.)##..§ #
## #..#
.#..#.#..
...##.##..#.
# . ..X
##X#.§.
#....
#...#.# ....
####§.# #. .
#§X## ..##
#@## #§# .§#
#.## #. ..
##


You could see a large abomination.

Vanquished Creatures
  A lich (Abyss:2)
  Gastronok (Lair:1)
  A tentacled starspawn (Abyss:2)
  A ghoul (Abyss:2)
  A stone giant (Orc:2)
  Fannar (Orc:1)
  Harold (D:7)
  A rakshasa (Abyss:2)
  6 hydras
  A death knight (Abyss:2)
  4 death yaks (Lair:6)
  A catoblepas (Lair:6)
  4 ogre magi (Orc:2)
  16 two-headed ogres
  A sun demon (Volcano)
  A thrashing horror (Abyss:2)
  Urug (D:10)
  A hell knight (Volcano)
  2 wretched stars (Abyss:2)
  Nergalle (Orc:1)
  An unseen horror (D:10)
  A lindwurm (Lair:4)
  An orb spider (Lair:4)
  A mana viper (Abyss:2)
  A wolf spider (Lair:6)
  2 ugly things (Volcano)
  A worldbinder (Abyss:2)
  An oklob plant (Lair:1)
  2 cyclopes
  6 elephants (Lair:5)
  2 centaur zombies (D:10)
  A rust devil (Abyss:2)
  13 black mambas
  A guardian serpent (Lair:6)
  Maurice (D:10)
  16 spiny frogs
  A torpor snail (Lair:2)
  A rime drake (Lair:3)
  6 komodo dragons
  A freezing wraith (Abyss:2)
  A red devil (Volcano)
  An efreet (D:9)
  A troll (D:9)
  A polar bear (Lair:6)
  3 hornets
  6 hippogriffs
  9 blink frogs
  9 dream sheep
  A wraith (Abyss:2)
  A ynoxinul (Abyss:2)
  3 redbacks (Lair:6)
  28 yaks
  3 large abominations (Abyss:2)
  7 wyverns (Lair:6)
  5 basilisks
  Grum (D:9)
  A small abomination (Abyss:2)
  5 insubstantial wisps (Lair:2)
  3 wargs
  23 water moccasins
  Duvessa (D:7)
  12 porcupines
  4 sky beasts
  A spiny frog skeleton (Abyss:2)
  3 ice beasts
  A black bear (Lair:4)
  13 orc warriors
  3 phantoms
  28 ogres
  7 centaurs
  A boggart (D:9)
  8 wolves
  A big kobold (D:8)
  14 crocodiles
  A gnoll sergeant (D:9)
  10 bullfrogs
  A wyvern zombie (D:8)
  A wyvern skeleton (D:6)
  Dowan (D:7)
  5 killer bees (D:9)
  6 scorpions
  4 electric eels
  4 howler monkeys
  3 crimson imps
  A quasit (D:8)
  A bullfrog zombie (D:9)
  3 hounds
  8 jellies
  15 orc priests
  A bullfrog skeleton (D:9)
  A centaur skeleton (D:9)
  Terence (D:2)
  2 iguanas
  21 orc wizards
  6 worker ants
  13 hell rats
  A killer bee zombie (D:7)
  A human simulacrum (Abyss:2)
  3 hound skeletons
  2 worker ant zombies
  4 gnolls (D:3)
  15 adders
  A howler monkey skeleton (D:7)
  15 river rats (Lair:2)
  2 shadow imps
  4 oozes
  An adder zombie (D:8)
  3 adder skeletons
  3 worms
  6 dart slugs
  7 leopard geckos
  69 orcs
  3 ball pythons
  5 bats
  9 giant cockroaches
  12 goblins
  10 hobgoblins
  16 jackals
  15 kobolds
  16 quokkas
  A ball python skeleton (D:3)
  5 frilled lizards
  A jackal skeleton (D:9)
  A leopard gecko zombie (D:6)
  A quokka zombie (D:8)
  24 rats
  5 fungi
  5 plants (Lair:6)
  A starspawn tentacle (Abyss:2)
692 creatures vanquished.

Vanquished Creatures (others)
  A centaur skeleton (D:9)
  An orc (Orc:2)
  12 fungi (Lair:6)
  28 plants
  A starspawn tentacle (Abyss:2)
43 creatures vanquished.

Grand Total: 735 creatures vanquished

Notes
Turn   | Place    | Note
-------+----------+-------------------------------------------
     0 | D:1      | sleepydude the Minotaur Fighter began the quest for the
                  | Orb.
     0 | D:1      | Reached XP level 1. HP: 19/19 MP: 0/0
    70 | D:1      | Reached XP level 2. HP: 26/27 MP: 1/1
   311 | D:1      | Reached XP level 3. HP: 30/33 MP: 2/2
   430 | D:1      | Reached skill level 3 in Maces & Flails
   917 | D:2      | Noticed Terence
   923 | D:2      | Killed Terence
   923 | D:2      | Reached skill level 1 in Dodging
   923 | D:2      | Reached XP level 4. HP: 40/40 MP: 3/3
  1067 | D:2      | Found a faded altar of an unknown god.
  1144 | D:2      | Found a deep blue altar of Sif Muna.
  1627 | D:2      | Reached skill level 4 in Maces & Flails
  2057 | D:3      | Reached XP level 5. HP: 47/47 MP: 4/4
  2305 | D:3      | Found a hazy altar of Hepliaklqana.
  2828 | D:3      | Found a glowing golden altar of the Shining One.
  2891 | D:4      | Reached skill level 5 in Armour
  2891 | D:4      | Reached XP level 6. HP: 34/55 MP: 5/5
  3027 | D:4      | Reached skill level 5 in Fighting
  3027 | D:4      | Reached skill level 5 in Shields
  3172 | D:4      | Reached skill level 5 in Maces & Flails
  3386 | D:4      | Reached XP level 7. HP: 44/61 MP: 6/6
  3810 | D:5      | Entered Level 5 of the Dungeon
  4199 | D:5      | Reached skill level 6 in Maces & Flails
  4358 | D:5      | Found an iron altar of Okawaru.
  4365 | D:5      | Became a worshipper of Warmaster Okawaru
  4454 | D:5      | Reached XP level 8. HP: 69/71 MP: 7/7
  4504 | D:5      | Found an opulent altar of Gozag.
  5226 | D:6      | Found a snail-covered altar of Cheibriados.
  5372 | D:6      | Reached skill level 7 in Maces & Flails
  5407 | D:6      | Found a basalt altar of Yredelemnul.
  5636 | D:6      | Found a shadowy altar of Dithmenos.
  5686 | D:7      | Reached * piety under Okawaru
  5692 | D:7      | Noticed Harold
  5718 | D:7      | Killed Harold
  5718 | D:7      | Reached ** piety under Okawaru
  5718 | D:7      | Reached skill level 8 in Maces & Flails
  5718 | D:7      | Reached XP level 9. HP: 38/81 MP: 8/8
  6527 | D:7      | Found a staircase to the Ecumenical Temple.
  6573 | D:7      | Reached skill level 1 in Axes
  6870 | D:7      | Noticed Dowan
  6871 | D:7      | Noticed Duvessa
  6887 | D:7      | Killed Duvessa
  6896 | D:7      | Killed Dowan
  6896 | D:7      | Reached *** piety under Okawaru
  7211 | D:7      | Found a blossoming altar of Fedhas.
  7896 | D:8      | Paralysed by a hornet for 3 turns
  7913 | D:8      | Reached XP level 10. HP: 11/91 MP: 9/9
  8197 | D:8      | Found a burning altar of Makhleb.
  9092 | D:9      | Found a staircase to the Orcish Mines.
  9121 | D:9      | Reached skill level 5 in Axes
  9192 | D:9      | Found a bloodstained altar of Trog.
  9303 | D:9      | Found an ornate altar of the Wu Jian Council.
  9304 | D:9      | Found a stormy altar of Qazlal.
  9344 | D:9      | Reached **** piety under Okawaru
  9412 | D:9      | Noticed a two-headed ogre
  9735 | D:9      | Killed a two-headed ogre
 10112 | D:9      | Reached skill level 10 in Armour
 10133 | D:9      | Reached ***** piety under Okawaru
 10133 | D:9      | Reached skill level 10 in Fighting
 10146 | D:9      | Reached skill level 10 in Shields
 10252 | D:9      | Noticed a cyclops
 10271 | D:9      | Killed a cyclops
 10298 | D:9      | Got a shimmering plate armour
 10310 | D:9      | Identified the +3 plate armour of Compression {rN+++ Regen+
                  | MP-9 Dex-3} (You found it on level 9 of the Dungeon)
 10377 | D:9      | Found a bloodstained altar of Trog.
 10444 | D:10     | Entered Level 10 of the Dungeon
 10455 | D:10     | Noticed Grum
 10635 | D:9      | Killed Grum
 10635 | D:9      | Reached XP level 11. HP: 58/100 MP: 7/10
 10637 | D:9      | Received a gift from Okawaru
 10777 | D:10     | Noticed Urug
 10822 | D:10     | Killed Urug
 11158 | D:10     | Noticed Maurice
 11179 | D:10     | Killed Maurice
 11224 | D:10     | Noticed Sonja
 11246 | D:10     | Noticed an unseen horror
 11271 | D:10     | Killed an unseen horror
 11343 | D:10     | Found a staircase to the Lair.
 11913 | Lair:1   | Entered Level 1 of the Lair of Beasts
 11913 | Lair:1   | Noticed an oklob plant
 12029 | Lair:1   | Noticed Gastronok
 12072 | Lair:1   | Killed Gastronok
 12072 | Lair:1   | Reached skill level 10 in Axes
 12234 | Lair:1   | Noticed a seven-headed hydra
 12261 | Lair:1   | Killed a seven-headed hydra
 12408 | Lair:1   | Reached ****** piety under Okawaru
 12425 | Lair:1   | HP: 5/102 [poisoned by a water moccasin]
 12431 | Lair:1   | HP: 5/102 [poisoned by a water moccasin]
 12622 | Lair:1   | Noticed a four-headed hydra
 12633 | Lair:1   | Killed a four-headed hydra
 12633 | Lair:1   | Received a gift from Okawaru
 12633 | Lair:1   | Reached XP level 12. HP: 76/110 MP: 11/11
 13027 | Lair:1   | Received a gift from Okawaru
 13434 | Lair:1   | Noticed a four-headed hydra
 13445 | Lair:1   | Killed a four-headed hydra
 13712 | Lair:1   | HP: 4/112 [acid (14)]
 14000 | Lair:2   | Noticed a six-headed hydra
 14375 | Lair:1   | Killed a six-headed hydra
 14660 | Lair:2   | Got a transparent long sword
 14661 | Lair:2   | Identified the +3 long sword "Fesoo" {speed, Dex+4 SInv}
                  | (You found it on level 2 of the Lair of Beasts)
 14683 | Lair:2   | Noticed a four-headed hydra
 14707 | Lair:2   | Killed a four-headed hydra
 14707 | Lair:2   | Received a gift from Okawaru
 14707 | Lair:2   | Reached skill level 1 in Long Blades
 14719 | Lair:2   | Identified a +2 pair of boots of running (Okawaru gifted it
                  | to you on level 2 of the Lair of Beasts)
 15408 | Lair:2   | Found a staircase to the Swamp.
 15697 | Lair:3   | Got an encrusted dire flail
 15703 | Lair:3   | Identified the +8 dire flail of Osulocs {venom, rC+ Int+4}
                  | (You found it on level 3 of the Lair of Beasts)
 15910 | Lair:3   | Reached skill level 9 in Maces & Flails
 16391 | Lair:4   | Reached XP level 13. HP: 109/119 MP: 3/12
 16607 | Lair:4   | Reached skill level 10 in Maces & Flails
 17009 | Lair:4   | Found a hole to the Spider Nest.
 17494 | Lair:5   | Found the +7 great mace "Firestarter" {inner flame, rF++}
 17533 | Lair:5   | Found a dark tunnel.
 17541 | Volcano  | Entered a volcano
 17605 | Volcano  | Received a gift from Okawaru
 17605 | Volcano  | Reached skill level 11 in Maces & Flails
 17623 | Volcano  | Got a creamy pearl robe {god gift}
 17624 | Volcano  | Identified the +2 robe "Populit" {*Drain rF+ rC+ Int+3}
                  | (Okawaru gifted it to you in a volcano)
 18147 | Lair:5   | Reached skill level 12 in Maces & Flails
 18852 | Lair:6   | Entered Level 6 of the Lair of Beasts
 18863 | Lair:6   | Found a staircase to the Slime Pits.
 19122 | Lair:6   | Reached skill level 13 in Maces & Flails
 19209 | Lair:6   | Received a gift from Okawaru
 19218 | Lair:6   | Got a pitted morningstar {god gift}
 19357 | Lair:6   | Reached XP level 14. HP: 80/129 MP: 4/13
 19614 | Lair:6   | Reached skill level 14 in Maces & Flails
 19883 | Lair:6   | Received a gift from Okawaru
 19904 | Lair:6   | Identified the +6 morningstar of Okawaru's Regard {flame,
                  | Str+4} (Okawaru gifted it to you on level 6 of the Lair of
                  | Beasts)
 20543 | Orc:1    | Entered Level 1 of the Orcish Mines
 20724 | Orc:1    | Noticed Fannar
 20903 | Orc:1    | Killed Fannar
 20903 | Orc:1    | Reached skill level 15 in Maces & Flails
 20951 | Orc:1    | Noticed Nergalle
 20959 | Orc:1    | Killed Nergalle
 21305 | Orc:2    | Entered Level 2 of the Orcish Mines
 21305 | Orc:2    | Found a roughly hewn altar of Beogh.
 21387 | Orc:2    | Found a staircase to the Elven Halls.
 21687 | Orc:2    | Reached skill level 16 in Maces & Flails
 21689 | Orc:2    | Noticed a stone giant
 21819 | Orc:2    | Killed a stone giant
 21877 | Orc:2    | Received a gift from Okawaru
 22088 | Orc:2    | Found Hiebb's Weapon Shop.
 22088 | Orc:2    | Found Bomom's Jewellery Shoppe.
 22089 | Orc:2    | Found Yti Nuo's Armour Emporium.
 22089 | Orc:2    | Found Xaestruf's General Store.
 22214 | Orc:2    | Found a flickering gateway to a bazaar.
 22224 | Bazaar   | Entered a bazaar
 22224 | Bazaar   | Found Doarochu's Gadget Boutique.
 22224 | Bazaar   | Found Jiynimaede's Antique Weapon Boutique.
 22229 | Bazaar   | Found Bopp's Jewellery Emporium.
 22260 | Bazaar   | Found Owalem's Antique Armour Shop.
 22269 | Bazaar   | Found Tunu's Gadget Shoppe.
 22314 | Bazaar   | Bought the ring "Zupab" {rPois rF+ rC++} for 463 gold
                  | pieces
 22318 | Bazaar   | Upgraded the game from 0.23-a0-396-g5214e5f to
                  | 0.23-a0-398-g8eab93f
 22414 | Bazaar   | Bought an uncursed amulet of the acrobat for 270 gold
                  | pieces
 22465 | Bazaar   | Bought a runed cloak for 172 gold pieces
 22912 | D:10     | Cast into level 2 of the Abyss (Sonja)
 22954 | Abyss:2  | Noticed a lich
 22962 | Abyss:2  | Killed a lich
 22962 | Abyss:2  | Reached XP level 15. HP: 132/138 MP: 2/14
 23059 | Abyss:2  | Noticed a tentacled starspawn
 23067 | Abyss:2  | Killed a tentacled starspawn
 23067 | Abyss:2  | Received a gift from Okawaru
 23190 | Abyss:2  | Paralysed by accursed screaming for 1 turns
 23315 | Abyss:2  | Reached skill level 15 in Armour
 23435 | Abyss:2  | Slain by a large abomination

Vault maps used:
D:1:      lightli_arrival_maybe_door_vault, minmay_hedge_maze,
          minmay_tetromino_l2
D:2:      overflow_temple_1_default, chequers_ecumenical_altar_simple_redux,
          hex_medium, uniq_terence
D:3:      marbit_many_paths, lemuel_doored_altar, first_ration, serial_glass,
          glass_columns_b, glass_columns_a, minmay_vboxes
D:5:      grunt_gozag_statues, okawaru_gym_becter
D:6:      kennysheep_mini, lemuel_round_altar, kennysheep_slug_shrine
D:7:      lemuel_round_altar, minmay_temple_entry_butterflies, grunt_ogre_cave,
          uniq_harold, uniq_duvessa
D:8:      kennysheep_mini_moat
D:9:      minmay_the_grid_triangle_9x9_rhombus_thin, lightli_temple_of_fire,
          gammafunk_temple_overflow_statue, david_orc_2, basic_altar
D:10:     erik_lair_orcish_takeover, evilmike_surprise_oklob, uniq_sonja,
          uniq_urug, uniq_grum, uniq_maurice
Lair:1:   cheibrodos_lair_river_kwai, chequers_serial_rivers_micro_b,
          chequers_serial_rivers_small_3, dpeg_stationary_puzzle, uniq_gastronok
Lair:2:   lemuel_ratsnest, minmay_swamp_entry_wisps, lab_entry_generic
Lair:3:   infiniplex_staircase_pool_2
Lair:4:   nicolae_spider_entry_orb_guardian, cheibrodos_lair_caveside_slide,
          lemuel_fruit_tree, grunt_megastairs_1, minmay_lair_oklob_chamber,
          serial_bayou_shore_b
Lair:5:   enter_volcano_1
Lair:6:   hangedman_lair_tendril_chambers, nicolae_slime_entry_slimehenge,
          serial_bayou_pond_c, serial_bayou_lake_a
Orc:1:    nicolae_orc_lava_room, uniq_nergalle, uniq_fannar
Orc:2:    st_orc_ogre_mass, serial_shops, bzr_entry_dummy, basic_altar
Abyss:2:  evilmike_abyss_exit_15, evilmike_abyss_exit_smiterflies
Bazaar:   bazaar_kb_twisted_cavern
Volcano:  volcano_pools

Skill      XL: |  1  2  3  4  5  6  7  8  9 10 11 12 13 14 15 |
---------------+----------------------------------------------+-----
Fighting       | 4 5 6 8 9 10 11 12 13 14 | 14.2
Armour         | 4 5 6 8 9 10 11 12 13 14 15 | 15.0
Shields        | 4 5 6 8 9 10 11 12 | 12.7
Maces & Flails | 3 4 5 6 8 9 13 16 | 16.9
Dodging        | 1 2 3 |  3.3
Axes           | 4 8 10 12 | 12.2
Long Blades    | 3 |  3.8
Invocations    | |  0.1

Action                   |  1- 3 |  4- 6 |  7- 9 | 10-12 | 13-15 || total
-------------------------+-------+-------+-------+-------+-------++-------
Melee: Flail             |    74 |   262 |   339 |   234 |       ||   909
       Headbutt          |    13 |    46 |    76 |   289 |   100 ||   524
       Hand axe          |       |       |    98 |   653 |       ||   751
       Long sword        |       |       |       |   215 |       ||   215
       Dire flail        |       |       |       |    38 |   110 ||   148
       Great mace        |       |       |       |       |   485 ||   485
Invok: Heroism           |       |       |     2 |    14 |    10 ||    26
       Finesse           |       |       |       |     2 |       ||     2
Evoke: Wand              |       |       |       |       |     1 ||     1
  Use: Potion            |       |       |     1 |     3 |     7 ||    11
       Scroll            |       |       |       |     1 |    22 ||    23
 Stab: Distracted        |       |       |     1 |       |       ||     1
  Eat: Chunk             |       |     8 |     7 |    19 |     6 ||    40
       Ration            |       |       |     6 |     4 |     4 ||    14
Armor: Scale mail        |    60 |       |       |       |       ||    60
       Chain mail        |       |   143 |    56 |       |       ||   199
       Plate armour      |       |       |   126 |   509 |   412 ||  1047
Dodge: Dodged            |    35 |    68 |    70 |   230 |   269 ||   672
       Deflected         |       |       |       |     2 |       ||     2
Block: Shield            |    49 |   130 |   211 |   622 |       ||  1012
       Rpst.: Long sword |       |       |       |     3 |       ||     3

Table legend:
 A = Non-vault XP
 B = Vault XP
 C = Vault XP percentage of total XP
 D = Non-vault monster count
 E = Vault monster count
 F = Vault count percentage of total count
                 A         B        C        D         E       F
            +---------+---------+-------+---------+---------+-------
      Total |   65469 |   51027 |  43.8 |     474 |     207 |  30.4
            +---------+---------+-------+---------+---------+-------
        D:1 |      58 |       3 |   4.9 |      30 |       2 |   6.2
        D:2 |      68 |      36 |  34.6 |      23 |       1 |   4.2
        D:3 |     140 |      13 |   8.5 |      34 |       7 |  17.1
        D:4 |     609 |       0 |   0.0 |      30 |       0 |   0.0
        D:5 |     925 |       0 |   0.0 |      24 |       0 |   0.0
        D:6 |     742 |       4 |   0.5 |      26 |       1 |   3.7
        D:7 |     877 |    1360 |  60.8 |      22 |       4 |  15.4
        D:8 |    1520 |       0 |   0.0 |      35 |       0 |   0.0
        D:9 |    1642 |    3552 |  68.4 |      26 |      29 |  52.7
       D:10 |    3141 |    1844 |  37.0 |      19 |      11 |  36.7
     Lair:1 |    8312 |    5553 |  40.1 |      30 |       9 |  23.1
     Lair:2 |    2933 |    1671 |  36.3 |      11 |      47 |  81.0
     Lair:3 |    2979 |       0 |   0.0 |      12 |       0 |   0.0
     Lair:4 |    4203 |    2166 |  34.0 |      16 |       8 |  33.3
     Lair:5 |    7545 |       0 |   0.0 |      26 |       0 |   0.0
     Lair:6 |   10888 |   10601 |  49.3 |      38 |      44 |  53.7
      Orc:1 |    1360 |    3535 |  72.2 |      15 |       4 |  21.1
      Orc:2 |    3125 |   17574 |  84.9 |      37 |      35 |  48.6
    Abyss:2 |   14402 |       0 |   0.0 |      20 |       0 |   0.0
    Volcano |       0 |    3115 | 100.0 |       0 |       5 | 100.0
            +---------+---------+-------+---------+---------+-------
